cohdb
Replays
Latest Replays
All Replays
Popular Replays
Top Player Replays
Match Explorer
How It Works
Community
CoH3 Stats
Reddit
Sign in to upload your games and track your stats! →
Sign in with Steam
Match 39753333
Unlisted
Match 39753333
Overview
Messages
Build Orders
End
Kradschützen Motorcycle Team
Panzerpioneer Squad
Selects Panzerjäger Kommand Battlegroup
Selects Blockade Equipment
Panzerpioneer Squad
250 Light Carrier
Construct Light Support Kompanie
Combat Half-tracks
Panzerjäger Squad
Construct Mechanized Kompanie
Vehicle Survival Package
Selects Defensive Positions
8 Rad Armored Car
Selects Tank Busters
Veteran Squad Leaders
Support Armor Elements
2.5-tonne Medical Truck
StuG III D Assault Gun
Selects Butterfly Bomb Drop
Emergency Repair Kits
Butterfly Bomb Drop
Selects Crew Shock Tactics
Panzerjäger Squad
Construct Panzerarmee Kommand
Butterfly Bomb Drop
Armored Reserves
Butterfly Bomb Drop
Selects Anti-tank Overwatch
Rapid Advance
Tungsten Core Ammunition
Advanced Field Repairs
Advanced Optics
Tiger Heavy Tank
ohmygod321
sharpshooter
Like a G6
FamousAverage
0
0
Comments
sign in to comment!
No comments posted yet!